 Dungeon Crawl Stone Soup version 0.16-a0-3192-g4847bf6 (webtiles) character file.

1227 Miyamura the Magician (level 8, -4/46 HPs)
             Began as a Deep Elf Fire Elementalist on Dec 17, 2014.
             Shot with a sling bullet by Joseph (17 damage)
             ... on level 7 of the Dungeon.
             The game lasted 00:22:00 (6287 turns).

Miyamura the Magician (Deep Elf Fire Elementalist)  Turns: 6287, Time: 00:22:00

Health: -4/46      AC:  3    Str:  5    XL:     8   Next: 23%
Magic:  20/34      EV: 15    Int: 22    God:
Gold:   193        SH:  0    Dex: 16    Spells: 5 memorised, 5 levels left

rFire  + . .     SeeInvis .     g - +1 hand axe (elec)
rCold  . . .     Clarity  .     a - +0 robe
rNeg   . . .     SustAb   .     (no shield)
rPois  .         Gourm    +     (no helmet)
rElec  .         Spirit   .     (no cloak)
rCorr  .         Warding  .     h - +0 pair of gloves
rMut   .         Stasis   .     (no boots)
MR     .....                    o - amulet of the gourmand
Stlth  ++........               y - ring of magical power
                                l - ring of protection from fire

@: about to teleport, not resistant to hostile enchantments, unstealthy
A: no striking features
a: no special abilities


You were on level 7 of the Dungeon.
You were not hungry.

You visited 1 branch of the dungeon, and saw 7 of its levels.

You collected 193 gold pieces.

Inventory:

Hand weapons
 g - a +1 hand axe of electrocution (weapon)
Armour
 a - a +0 robe (worn)
 h - a +0 pair of gloves (worn)
Jewellery
 j - an uncursed amulet of regeneration
 l - a ring of protection from fire (left hand)
 o - an amulet of the gourmand (around neck)
 y - a ring of magical power (right hand)
Magical devices
 s - a wand of confusion (4)
 z - a wand of draining (8)
Scrolls
 d - 3 scrolls of teleportation
 p - a scroll of recharging
 r - 2 scrolls of amnesia {unknown}
 v - 2 scrolls of remove curse
 w - a scroll of random uselessness {unknown}
Potions
 f - 4 potions of curing
 i - a potion of might {unknown}
 n - 3 potions of haste
 q - a potion of brilliance {unknown}
 t - a potion of restore abilities {unknown}
 x - a potion of heal wounds {unknown}
Books
 b - a book of Flames

   Spells                             Type                      Level
   a - Flame Tongue                   Conjuration/Fire             1
   b - Throw Flame                    Conjuration/Fire             2
   c - Conjure Flame                  Conjuration/Fire             3
   d - Inner Flame                    Hexes/Fire                   3
   e - Sticky Flame                   Conjuration/Fire             4
   f - Fireball                       Conjuration/Fire             5
 e - a book of Alchemy

   Spells                             Type                      Level
   a - Sublimation of Blood           Necromancy                   2
   b - Alistair's Intoxication        Transmutation/Poison         4
   c - Condensation Shield            Ice                          4
   d - Petrify                        Transmutation/Earth          4
   e - Ignite Poison                  Fire/Transmutation           5
   f - Irradiate                      Conjuration/Transmutation    5
Comestibles
 c - 4 bread rations
 m - a meat ration
 u - a royal jelly


   Skills:
 + Level 3.4 Fighting
 + Level 5.6 Dodging
 - Level 2.4 Stealth
 + Level 6.3 Spellcasting
 + Level 4.9 Conjurations
 + Level 6.0 Fire Magic


You had 5 spell levels left.
You knew the following spells:

 Your Spells              Type           Power        Failure   Level  Hunger
a - Flame Tongue          Conj/Fire      ####.        1%          1    None
b - Throw Flame           Conj/Fire      ####..       1%          2    None
c - Sticky Flame          Conj/Fire      ####....     12%         4    ###....
d - Fireball              Conj/Fire      ####......   28%         5    #####..
e - Sublimation of Blood  Necr           #.........   14%         2    None


Dungeon Overview and Level Annotations

Branches:
Dungeon (7/15)
 Temple: D:4-7

Altars:
Xom
Yredelemnul

Annotations:
D:6 Eustachio
D:7 Joseph


Message History

Confirm with . or Enter, or press ? or * to list all spells.
Aiming: Throw Flame
Press: ? - help, Shift-Dir - straight line, f/p - Joseph
Aim: Joseph, wielding a hunting sling and wearing a leather armour (heavily wounded)
The puff of flame hits Joseph.
Joseph is heavily wounded.
Casting: Throw Flame
Confirm with . or Enter, or press ? or * to list all spells.
Aiming: Throw Flame
Press: ? - help, Shift-Dir - straight line, f/p - Joseph
Aim: Joseph, wielding a hunting sling and wearing a leather armour (heavily wounded)
The puff of flame hits Joseph.
Joseph is severely wounded.
Joseph shoots a sling bullet.
The sling bullet hits you!
* * * LOW HITPOINT WARNING * * *
Read which item? (? for menu, Esc to quit)
As you read the scroll of teleportation, it crumbles to dust.
You feel strangely unstable.
Joseph shoots a sling bullet.
The sling bullet hits you!
You die...

#..##..............
##..#.......†..#..
##..####.#.#### #
##..###.#)# ...
##.....).# ..@..
#####...## ....##
##...## #..######....#
#..@......#.#######
#.#######.........#
#..# ##.######..# #..#
#.# #.. ##..## #.##
#.. #....## #..## #..#
#.##..## ##..####.##
##......####........##
#..(....##.>.#.#######


You could see Joseph.

Vanquished Creatures
  An orc warrior (D:6)
  A necrophage (D:7)
  A phantom (D:5)
  An ogre (D:4)
  2 giant frogs
  3 scorpions (D:4)
  A hound (D:5)
  A jelly (D:7)
  3 orc priests
  A centaur skeleton (D:7)
  A giant frog skeleton (D:7)
  An iguana (D:6)
  4 orc wizards
  2 worker ants (D:5)
  A worker ant zombie (D:7)
  11 adders
  2 giant mites (D:7)
  A worm (D:5)
  6 giant geckos
  24 orcs
  9 bats
  4 giant cockroaches
  9 goblins
  7 hobgoblins
  6 kobolds
  A quokka (D:7)
  A giant gecko zombie (D:5)
  2 giant newts
  10 rats
117 creatures vanquished.

Notes
Turn   | Place    | Note
--------------------------------------------------------------
     0 | D:1      | Miyamura, the Deep Elf Fire Elementalist, began the quest for the Orb.
     0 | D:1      | Reached XP level 1. HP: 10/10 MP: 5/5
   410 | D:1      | Reached XP level 2. HP: 15/15 MP: 4/8
   414 | D:1      | Learned a level 2 spell: Throw Flame
   970 | D:2      | Reached XP level 3. HP: 20/20 MP: 5/11
  1707 | D:2      | Reached skill level 1 in Fighting
  1861 | D:2      | Reached XP level 4. HP: 25/25 MP: 8/14
  1868 | D:2      | Learned a level 4 spell: Sticky Flame
  2199 | D:3      | Found a basalt altar of Yredelemnul.
  2385 | D:3      | Reached skill level 4 in Fire Magic
  2401 | D:3      | Reached XP level 5. HP: 23/29 MP: 1/18
  2680 | D:4      | Noticed an ogre
  2686 | D:4      | Killed an ogre
  2787 | D:4      | Reached XP level 6. HP: 35/35 MP: 8/20
  2925 | D:4      | Learned a level 5 spell: Fireball
  3341 | D:4      | Reached skill level 5 in Spellcasting
  3537 | D:5      | Entered Level 5 of the Dungeon
  3793 | D:5      | Reached XP level 7. HP: 40/40 MP: 8/22
  3857 | D:5      | Reached skill level 5 in Fire Magic
  4817 | D:6      | Noticed Eustachio
  4967 | D:6      | Reached skill level 5 in Dodging
  5566 | D:7      | Found a shimmering altar of Xom.
  5571 | D:7      | Found a shimmering altar of Xom.
  5576 | D:7      | Learned a level 2 spell: Sublimation of Blood
  5590 | D:7      | Reached skill level 6 in Spellcasting
  5667 | D:7      | Found a shimmering altar of Xom.
  5709 | D:7      | Noticed a spriggan baker
  5719 | D:7      | Found a shimmering altar of Xom.
  5720 | D:7      | Found a shimmering altar of Xom.
  5720 | D:7      | Found a shimmering altar of Xom.
  5727 | D:7      | Found a shimmering altar of Xom.
  5727 | D:7      | Found a shimmering altar of Xom.
  5728 | D:7      | Noticed a fire drake
  5950 | D:7      | Reached XP level 8. HP: 40/46 MP: 25/25
  6278 | D:7      | Noticed Joseph
  6287 | D:7      | Shot with a sling bullet by Joseph

Action                   |  1- 3 |  4- 6 |  7- 9 || total
-------------------------+-------+-------+-------++-------
Melee: Hand axe          |     8 |     9 |     7 ||    24
 Cast: Flame Tongue      |    21 |    23 |    60 ||   104
       Throw Flame       |    32 |    81 |    85 ||   198
       Sticky Flame      |       |       |     1 ||     1
Evoke: Wand              |       |       |     6 ||     6
  Use: Scroll            |       |     8 |     3 ||    11
 Stab: Sleeping          |       |     1 |     2 ||     3
  Eat: Chunk             |     4 |     6 |     7 ||    17
       Beef jerky        |       |       |     1 ||     1
